 Dungeon Crawl Stone Soup version 0.17-a0-1181-gabc46e6 (webtiles) character file.

16 Lektor the Grasshopper (level 2, -5/22 HPs)
             Began as a Human Warper on May 31, 2015.
             Slain by a worm (9 damage)
             ... on level 2 of the Dungeon.
             The game lasted 00:03:52 (666 turns).

Lektor the Grasshopper (Human Warper)                Turns: 666, Time: 00:03:53

Health: -5/22      AC:  4    Str: 11    XL:     2   Next: 75%
Magic:  5/5        EV: 12    Int: 13    God:
Gold:   75         SH:  0    Dex: 12    Spells: 1 memorised, 4 levels left

rFire  . . .     SeeInvis .     a - +0 falchion
rCold  . . .     Clarity  .     b - +0 leather armour
rNeg   . . .     SustAt   .     (no shield)
rPois  .         Gourm    .     q - +0 helmet
rElec  .         Spirit   .     (no cloak)
rCorr  +         Warding  .     (no gloves)
rMut   .         Stasis   .     (no boots)
MR     .....                    v - amulet of resist corrosion
Stlth  +.........               (no ring)
                                (no ring)

@: flying, slowed, very slow, not resistant to hostile enchantments, very
unstealthy
A: no striking features
a: no special abilities


You were on level 2 of the Dungeon.
You were not hungry.

You visited 1 branch of the dungeon, and saw 2 of its levels.

You collected 75 gold pieces.

Inventory:

Hand weapons
 a - a +0 falchion (weapon)
 h - a +3 whip
 l - a +0 hunting sling
Missiles
 e - 5 tomahawks of dispersal (quivered)
 n - 23 stones
Armour
 b - a +0 leather armour (worn)
 q - a +0 helmet (worn)
Jewellery
 v - an amulet of resist corrosion (around neck)
Scrolls
 d - a scroll of blinking
 j - a scroll of remove curse {unknown}
 p - 3 scrolls of identify {unknown}
 u - a scroll of teleportation {unknown}
Potions
 k - 2 potions of lignification {unknown}
 m - a potion of cure mutation {unknown}
 r - a potion of degeneration {unknown}
 s - a potion of brilliance {unknown}
 t - 3 potions of curing
Books
 c - a book of Spatial Translocations

   Spells                             Type                      Level
   a - Apportation                    Translocation                1
   b - Blink                          Translocation                2
   c - Shroud of Golubria             Charms/Translocation         2
   d - Portal Projectile              Translocation                3
   e - Teleport Other                 Translocation                3
   f - Passage of Golubria            Translocation                4
Comestibles
 f - a bread ration
 g - a meat ration
 o - 7 chunks of flesh


   Skills:
 - Level 2.0 Fighting
 - Level 2.6 Long Blades
 - Level 1.0 Throwing
 - Level 1.0 Armour
 - Level 2.0 Dodging
 - Level 2.0 Spellcasting
 + Level 3.4 Translocations


You had 4 spell levels left.
You knew the following spells:

 Your Spells              Type           Power        Failure   Level  Hunger
a - Apportation           Tloc           ##........   12%         1    ##.....


Dungeon Overview and Level Annotations

Branches:
Dungeon (2/15)

Altars:

Annotations:
D:2 Jessica


Message History

Ouch! That really hurt!
* * * LOW HITPOINT WARNING * * *
The worm barely misses you.
Drink which item? (? for menu, Esc to quit)
It was a potion of flight.
You feel very buoyant.
You fly up into the air.
Jessica hits you but does no damage.
Jessica mumbles some strange words.
Jessica blinks!
The worm closely misses you.
Drink which item? (? for menu, Esc to quit)
Okay, then.
Drink which item? (? for menu, Esc to quit)
It was a potion of curing.
You feel better. The worm barely misses you. Jessica closely misses you.
Jessica hits you with a club.
You hit Jessica.
Jessica is moderately wounded.
Jessica hits you with a club.
* * * LOW HITPOINT WARNING * * *
The worm bites you!
You die...

#########..#.##..........
................#........
............#####........
..........### ##.........
..[.......#####....<.....
..........#(....#####<###
..............## .#
...........#### #
.......w@..# .#.....@####
#?...... #.#..... ..
#.##..# > ... .... ....
.... .. ..


You could see a worm and Jessica.

Vanquished Creatures
  2 ball pythons (D:1)
  2 bats (D:1)
  A goblin (D:1)
  A hobgoblin (D:1)
  4 jackals (D:1)
  4 kobolds (D:1)
  A rat (D:1)
15 creatures vanquished.

Notes
Turn   | Place    | Note
--------------------------------------------------------------
     0 | D:1      | Lektor the Human Warper began the quest for the Orb.
     0 | D:1      | Reached XP level 1. HP: 16/16 MP: 3/3
   353 | D:1      | Reached XP level 2. HP: 22/22 MP: 5/5
   654 | D:2      | Noticed Jessica
   666 | D:2      | Slain by a worm

Vault maps used:
D:1:      dpeg_arrival_pits
D:2:      tgw_xom, uniq_jessica

Action                   || total
-------------------------++-------
Melee: Falchion          ||    30
       Whip              ||    14
 Cast: Apportation       ||     2
  Use: Potion            ||     2
